AoeStats
← isarco25girasoles

Arena

510404419Analyzed
2v2 RM · 1d ago on Sep 30, 2026· 68m 21s· 4 players
Game mode
Random Map
Map size
Medium (4 player)
Population
200
Speed
Normal
Resources
Standard
Victory
Conquest
Starting age
Dark Age
Ending age
Imperial Age
RankedLock teamsTeams togetherTeam positionsShared explorationLock speedFull tech treeHidden civsTurbo modeCheats
Victory
Defeat
🇺🇸 Celts · United States
756
+16
🇺🇸 Bohemians · United States
756
+16
🇲🇽 Vietnamese · Mexico
785
-18
🇨🇴 Shu · Colombia
720
-14
GatoMiope
11:43 Feudal Age
12:08 Horse Collar
12:17 Double-Bit Axe
12:25 Gold Mining
13:23 Wheelbarrow
13:24 Stone Mining
20:30 Castle Age
20:57 Fletching
21:08 Padded Archer Armor
22:26 Bow Saw
22:19 Heavy Plow
23:36 Thumb Ring
23:54 Bodkin Arrow
24:15 Leather Archer Armor
25:42 Stone Shaft Mining
26:44 Hand Cart
29:58 Imperial Age
28:03 Ballistics
27:24 Treadmill Crane
31:20 Paper Money
32:20 Two-Man Saw
31:53 Crop Rotation
31:30 Bracer
32:00 Ring Archer Armor
33:58 Chemistry
39:22 Onager
40:47 Elite Rattan Archer
44:22 Elite Skirmisher
45:03 Imperial Skirmisher
49:04 Elite Fire Lancer
51:32 Arson
53:19 Pikeman
53:59 Squires
isarco25girasoles
11:58 Feudal Age
12:39 Horse Collar
12:46 Double-Bit Axe
12:34 Man-at-Arms
13:34 Gold Mining
16:35 Scale Mail Armor
21:12 Castle Age
19:44 Padded Archer Armor
21:48 Wheelbarrow
22:48 Forging
22:02 Long Swordsman
22:06 Pikeman
24:55 Bow Saw
31:18 Imperial Age
29:26 Wheelbarrow
28:46 Stone Mining
29:12 Scale Barding Armor
30:32 Gold Shaft Mining
30:17 Chain Mail Armor
30:46 Heavy Plow
32:50 Heavy Hei Guang Cavalry
34:47 Plate Mail Armor
34:39 Chain Barding Armor
37:10 Chemistry
37:21 Plate Barding Armor
41:11 Leather Archer Armor
40:46 Fletching
41:27 Plate Mail Armor
40:49 Halberdier
42:36 Siege Engineers
42:52 Ballistics
45:21 Ring Archer Armor
45:59 Onager
47:50 Two-Man Saw
49:40 Elite White Feather Guard
50:22 Coiled Serpent Array
50:14 Capped Ram
51:34 Elite Skirmisher
52:20 Thumb Ring
52:43 Murder Holes
52:59 Fortified Wall
52:41 Imperial Skirmisher
53:58 Bodkin Arrow
54:57 Bracer
63:51 Squires
63:37 Gambesons
64:19 Light Cavalry
AndreTheGiant34
12:43 Feudal Age
13:22 Horse Collar
18:37 Castle Age
16:43 Double-Bit Axe
17:42 Gold Mining
20:12 Bow Saw
20:55 Loom
23:51 Heavy Plow
26:07 Wheelbarrow
27:01 Forging
27:56 Gambesons
28:48 Iron Casting
28:14 Scale Mail Armor
28:47 Stone Mining
29:59 Padded Archer Armor
29:50 Fletching
34:59 Imperial Age
32:36 Murder Holes
32:48 Bodkin Arrow
33:49 Stone Shaft Mining
33:53 Gold Shaft Mining
33:42 Pikeman
34:26 Caravan
34:44 Arson
34:51 Stronghold
35:20 Hand Cart
35:39 Leather Archer Armor
36:39 Conscription
37:28 Chemistry
36:40 Fortified Wall
36:20 Halberdier
37:07 Town Watch
40:35 Blast Furnace
39:50 Chain Mail Armor
41:36 Ring Archer Armor
42:01 Ballistics
41:49 Siege Engineers
42:46 Chemistry
41:38 Heated Shot
41:59 Masonry
41:32 Elite Skirmisher
41:35 Crossbowman
42:49 Plate Mail Armor
45:27 Scale Barding Armor
46:54 Arrowslits
47:15 Siege Engineers
49:48 Husbandry
52:48 Furor Celtica
53:14 Hoardings
52:10 Sappers
53:37 Cavalier
66:15 Onager
bt.wall.20
11:07 Feudal Age
11:51 Loom
16:35 Castle Age
14:37 Horse Collar
14:44 Double-Bit Axe
21:00 Fervor
22:53 Heavy Plow
26:42 Imperial Age
27:52 Chemistry
27:24 Bow Saw
28:43 Wheelbarrow
28:43 Conscription
31:28 Scale Mail Armor
31:23 Fletching
31:34 Padded Archer Armor
31:56 Wagenburg Tactics
32:05 Siege Engineers
31:51 Town Watch
32:31 Hand Cart
32:30 Caravan
33:23 Town Patrol
33:18 Elite Skirmisher
33:22 Pikeman
34:02 Squires
34:16 Bodkin Arrow
34:36 Leather Archer Armor
34:38 Chain Mail Armor
34:40 Husbandry
34:48 Light Cavalry
35:56 Forging
35:32 Elite Hussite Wagon
36:55 Houfnice
41:42 Iron Casting
41:39 Plate Mail Armor
41:40 Ring Archer Armor
43:49 Ballistics
43:40 Masonry
43:13 Halberdier
49:16 Bracer
50:16 Blast Furnace
49:21 Scale Barding Armor
53:27 Chain Barding Armor
53:21 Fortified Wall
53:42 Architecture
58:51 Arson
Connection lost

Rejoining the realm…

Still unreachable

The connection could not be restored.

Session expired

The server has moved on; the page needs a fresh start.